 Dungeon Crawl Stone Soup version 0.31-a0-931-g7b59d4eb97 (webtiles) character file.

Game seed: 1898429504897903127

2386 Morbidden the Grappler (level 9, -2/83 HPs)
             Began as a Troll Shapeshifter on Oct 19, 2023.
             Was a Follower of Cheibriados.
             Slain by a yak (13 damage)
             ... on level 8 of the Dungeon.
             The game lasted 00:07:10 (5884 turns).

Morbidden the Grappler (Troll Shapeshifter)         Turns: 5884, Time: 00:07:11

Health: -2/83      AC:  5    Str: 31    XL:     9   Next: 22%
Magic:  9/9        EV: 11    Int:  9    God:    Cheibriados [*.....]
Gold:   306        SH:  0    Dex: 12    Spells: 8/8 levels left

rFire   + .          .
                       - Unarmed
rCold   + + .        (no shield)
rNeg    . . .        t - +1 animal skin
rPois   .            (helmet currently unavailable)
rElec   .            (cloak currently unavailable)
rCorr   .            (gloves unavailable)
SInv    .            (boots unavailable)
Will    .....        s - amulet of magic regeneration
Stlth   ++           n - ring of protection from cold
HPRegen 1.13/turn    l - ring of protection from fire
MPRegen 0.51/turn

%: no passive effects
@: beast-form, very slow
A: beast (slay +3), large, unfitting armour, claws 3, regeneration 1, shaggy fur
1, tough skin 1, horns 1, cold resistance 1, subdued magic 1, inability to read
after injury 1
a: Begin Untransformation, Renounce Religion, Bend Time


You were on level 8 of the Dungeon.
You worshipped Cheibriados.
Cheibriados was aware of your devotion.
You were a hulking beast.
You visited 2 branches of the dungeon, and saw 9 of its levels.

You collected 306 gold pieces.

Inventory:

Missiles
 f - 99 stones (quivered)
 g - 4 throwing nets
 B - 4 javelins
 D - 9 boomerangs
 E - 2 poisoned darts
 K - a curare-tipped dart
Armour
 t - a +1 animal skin (worn)
 J - a +2 cloak
Jewellery
 k - a +6 ring of intelligence
 l - a ring of protection from fire (right claw)
 m - a ring of resist corrosion
 n - a ring of protection from cold (left claw)
 r - a ring of flight
 s - an amulet of magic regeneration (around neck)
 z - a ring of poison resistance
Talismans
 c - a beast talisman (active)
 d - a flux talisman
 G - a serpent talisman
Wands
 p - a wand of roots (6)
 v - a wand of paralysis (20)
 x - a wand of polymorph (5)
Scrolls
 a - 2 scrolls of amnesia {unknown}
 e - 6 scrolls of identify {unknown}
 j - 3 scrolls of enchant armour {unknown}
 o - a scroll of immolation {unknown}
 w - a scroll of poison {unknown}
 y - 3 scrolls of noise {unknown}
 H - a scroll of vulnerability {unknown}
Potions
 b - a potion of lignification
 h - 2 potions of resistance {unknown}
 i - a potion of heal wounds {unknown}
 q - a potion of berserk rage {unknown}
 u - a potion of might {unknown}
 A - a potion of enlightenment {unknown}
 C - a potion of attraction {unknown}
 F - 2 potions of curing {unknown}
 I - a potion of mutation


   Skills:
 * Level 3.2 Fighting
 + Level 3.0 Throwing
 * Level 3.9 Dodging
 + Level 1.0 Stealth
 * Level 9.0 Unarmed Combat
 * Level 1.6 Invocations
 * Level 5.4 Shapeshifting


You had 8 spell levels left.
You didn't know any spells.
Your spell library contained the following spells:

 Spells                   Type           Power      Damage    Failure   Level
 Blink                    Tloc           0%         N/A       47%         2
 Lesser Beckoning         Tloc           0%         N/A       47%         2
 Momentum Strike          Conj/Tloc      0%         3d8       47%         2
 Scorch                   Fire           0%         2d5       47%         2
 Sublimation of Blood     Necr           0%         N/A       47%         2
 Wereblood                Tmut           0%         N/A       47%         2
 Frozen Ramparts          Ice            0%         1d1       73%         3
 Ignite Poison            Fire/Tmut/Pois 0%         N/A       73%         3
 Volatile Blastmotes      Fire/Tloc      0%         2d10      73%         3
 Flame Wave               Conj/Fire      0%         2d4       98%         4
 Fulminant Prism          Conj/Hex       0%         3d5       98%         4
 Iskenderun's Mystic Bla  Conj/Tloc      0%         2d3       98%         4
 Petrify                  Tmut/Erth      0%         N/A       98%         4
 Sticky Flame             Conj/Fire      0%         2d3       98%         4
 Metabolic Englaciation   Hex/Ice        0%         N/A       100%        5
 Summon Cactus Giant      Summ           0%         N/A       100%        6
 Summon Hydra             Summ           0%         N/A       100%        7
 Ignition                 Fire           0%         3d3       100%        8


Dungeon Overview and Level Annotations

Branches:
Dungeon (8/15)             Temple (1/1) D:6
   Lair: D:8-11

Altars:
Ashenzari
Cheibriados
Dithmenos
Elyvilon
Hepliaklqana
Kikubaaqudgha
Makhleb
Nemelex Xobeh
Okawaru
Qazlal
Ru
Sif Muna
Trog
Uskayaw
Wu Jian
Xom
Yredelemnul
The Shining One

Shops:
D:6 *

Annotations:
D:8 1 transporter


Innate Abilities, Weirdness & Mutations

You are a hulking beast.
Your limbs bulge with bestial killing power. (Slay +3)
You are too large for most types of armour.
You have claws for hands.
Your natural rate of healing is unusually fast.
You are covered in fur. (AC +1)
You have tough skin. (AC +1)
You have a pair of small horns on your head.
Your flesh is cold resistant. (rC+)
Your spells are a little easier to cast, but a little less powerful.
You occasionally lose the ability to read scrolls when taking damage.


Message History

The yak misses you. The yak gores you!
You claw the yak!
The yak is moderately wounded.
The yak completely misses you. The yak gores you.
There are monsters nearby!
You barely miss the yak. You headbutt the yak.
The yak is moderately wounded.
The yak gores you!
You scratch the yak but do no damage.
The yak is moderately wounded.
The yak misses you. The yak barely misses you.
The yak gores you but does no damage.
You scratch the yak but do no damage.
The yak is moderately wounded.
The yak closely misses you. The yak gores you! The yak gores you.
Unknown command.
The yak gores you! The yak gores you!
You mangle the yak!!
The yak is almost dead.
You barely miss the yak.
The yak is almost dead.
The yak gores you!
You claw the yak!
You kill the yak!
Cheibriados appreciates the change of pace.
Your Unarmed Combat skill increases to level 9!
You scratch the yak. You headbutt the yak.
The yak is lightly wounded.
The yak gores you.
* * * LOW HITPOINT WARNING * * *
You claw the yak!
The yak is heavily wounded.
The yak gores you!
* * * LOW HITPOINT WARNING * * *
Unknown command.
You scratch the yak but do no damage.
The yak is heavily wounded.
The yak gores you!
You die...

#.# ## #.# #. #
#######.####.#####.###.
............<..........
##.####.####.#..Y......
#..# #.# #.#.###.####
##.###<# #....Y#
#..#########.#Y#
##.#.........#h# #.#.#
##....# # #...# #.####
###..## #.#
###.##..#####.#
#...#.........#
©.............#####
#...................
###.#........#######


You could see 2 yaks.

Vanquished Creatures
  Grinder (D:4)
  A yak (D:8)
  4 ice beasts
  An ogre (D:4)
  2 centaurs
  A kobold brigand (D:7)
  A bullfrog (D:7)
  A gnoll sergeant (D:7)
  4 scorpions
  4 wights
  3 jellies
  2 hounds (D:5)
  2 orc priests
  6 iguanas
  Ijyb (D:3)
  2 orc wizards
  Robin (D:2)
  11 adders
  8 gnolls
  A shadow imp (D:6)
  A white imp (D:6)
  4 dart slugs
  16 orcs
  3 bats
  4 endoplasms
  7 giant cockroaches
  16 goblins
  10 hobgoblins
  6 jackals
  5 quokkas
  5 ball pythons
  7 frilled lizards
  15 kobolds
  5 rats
161 creatures vanquished.

Notes
Turn   | Place    | Note
-------+----------+-------------------------------------------
     0 | D:1      | Morbidden the Troll Shapeshifter began the quest for the
                  | Orb.
     0 | D:1      | Reached XP level 1. HP: 18/18 MP: 0/0
     2 | D:1      | Found a faded altar of an unknown god.
    87 | D:1      | Reached XP level 2. HP: 26/26 MP: 1/1
   190 | D:1      | Reached skill level 1 in Fighting
   509 | D:2      | Found a sacrificial altar of Ru.
   542 | D:2      | Reached XP level 3. HP: 22/33 MP: 2/2
   707 | D:2      | Noticed Robin
   726 | D:2      | Reached XP level 4. HP: 31/41 MP: 3/3
   737 | D:2      | Killed Robin
   738 | D:2      | Reached skill level 4 in Unarmed Combat
  1473 | D:3      | Reached XP level 5. HP: 48/48 MP: 4/4
  1587 | D:3      | Noticed Ijyb
  1597 | D:3      | Killed Ijyb
  1598 | D:3      | Reached skill level 5 in Unarmed Combat
  1912 | D:4      | Noticed Grinder
  1919 | D:4      | Paralysed by Grinder for 5 turns
  1928 | D:4      | Killed Grinder
  1929 | D:4      | Reached XP level 6. HP: 8/57 MP: 5/5
  2126 | D:4      | HP: 2/57 [gnoll/+0 spear (1)]
  2128 | D:4      | Gained mutation: Your spells are a little easier to cast,
                  | but a little less powerful. [potion of mutation]
  2128 | D:4      | Gained mutation: Your flesh is cold resistant. (rC+)
                  | [potion of mutation]
  2128 | D:4      | Gained mutation: You occasionally lose the ability to read
                  | scrolls when taking damage. [potion of mutation]
  2128 | D:4      | Gained mutation: You have a pair of small horns on your
                  | head. [potion of mutation]
  2130 | D:4      | Reached skill level 1 in Throwing
  2238 | D:4      | Reached skill level 6 in Unarmed Combat
  2244 | D:4      | Reached XP level 7. HP: 36/65 MP: 6/6
  2838 | D:5      | Entered Level 5 of the Dungeon
  2851 | D:5      | Found a burning altar of Makhleb.
  3025 | D:5      | Found a sacrificial altar of Ru.
  3316 | D:5      | Reached skill level 7 in Unarmed Combat
  3432 | D:6      | Reached XP level 8. HP: 67/74 MP: 7/7
  3470 | D:6      | Found a staircase to the Ecumenical Temple.
  3496 | Temple   | Entered the Ecumenical Temple
  3822 | D:6      | Found Amyrasop's General Store.
  3919 | D:6      | Found a snail-covered altar of Cheibriados.
  3924 | D:6      | Found a sparkling altar of Nemelex Xobeh.
  3929 | D:6      | Found a shimmering altar of Xom.
  4088 | D:6      | Became a worshipper of Cheibriados the Contemplative
  4208 | D:6      | Reached skill level 5 in Shapeshifting
  4238 | D:6      | Found a bloodstained altar of Trog.
  4517 | D:7      | Reached skill level 8 in Unarmed Combat
  4758 | D:7      | Reached skill level 1 in Invocations
  4794 | D:6      | Reached * piety under Cheibriados
  5414 | D:7      | Reached XP level 9. HP: 67/77 MP: 8/8
  5831 | D:8      | Reached skill level 1 in Stealth
  5844 | D:8      | Found a transporter.
  5882 | D:8      | Reached skill level 9 in Unarmed Combat
  5884 | D:8      | Slain by a yak

Illustrated notes

Levels and vault maps discovered:
D:1:      lightli_arrival_chessboard, layout_rooms,
          dreamdust_ecumenical_altar_statues
D:2:      layout_rooms, basic_altar, minmay_misc_feat_iff, uniq_robin
D:3:      layout_loops_ring, uniq_ijyb
D:4:      layout_loops_ring, uniq_grinder
D:5:      layout_gridville, nicolae_ru_path_of_blood,
          mainiacjoe_overflow_concentric_impassable, serial_bayou_pond_b
D:6:      layout_basic, trog_hazing_becter, minmay_overflow_temple_star_quad,
          minmay_temple_entry_offerings, serial_curves, eino_curves_01,
          eino_curves_02, serial_shops, nicolae_shop_real_fake_doors,
          minmay_lizard_king
D:7:      layout_cave_pools, corexii_checkpoint_a
D:8:      gammafunk_corrupted_shrine, layout_basic,
          gammafunk_ghost_wrathful_warriors, patterned_corridor
Temple:   minmay_temple_bridge_abc

Skill      XL: |  1  2  3  4  5  6  7  8  9 |
---------------+----------------------------+-----
Fighting       | 1 2 3 |  3.2
Unarmed Combat | 4 5 6 7 8 9 |  9.0
Dodging        | 2 3 |  3.9
Shapeshifting  | 4 5 |  5.4
Throwing       | 1 2 3 |  3.0
Invocations    | 1 |  1.6
Stealth        | 1 |  1.0

Action                     |  1- 3 |  4- 6 |  7- 9 || total
---------------------------+-------+-------+-------++-------
  Melee: Unarmed           |    83 |   123 |   178 ||   384
         Punch             |     3 |     3 |     5 ||    11
         Headbutt          |       |     2 |    30 ||    32
  Throw: Stone             |       |       |     8 ||     8
    Use: Potion            |       |     2 |       ||     2
   Stab: Sleeping          |       |       |     2 ||     2
 Armour: Animal skin       |    78 |   110 |   176 ||   364
  Dodge: Dodged            |    51 |    74 |   134 ||   259

Table legend: (Time is in decaauts)
 A = Elapsed time spent in this place.
 B = Non-inter-level travel time spent in this place.
 C = Inter-level travel time spent in this place.
 D = Time resting spent in this place.
 E = Time spent auto-exploring this place.
 F = Levels seen in this place.
 G = Mean time per level.
                   A        B        C        D        E       F      G
               +--------+--------+--------+--------+--------+-----+--------+
         Total |   6188 |   5718 |    470 |    918 |   3713 |   9 |  687.6 |
       Dungeon |   6182 |   5712 |    470 |    918 |   3713 |   8 |  772.8 |
        Temple |      5 |      5 |      0 |      0 |      0 |   1 |    5.0 |
               +--------+--------+--------+--------+--------+-----+--------+

Top non-repeatable levels by time:
     D:6: 1741 daAuts
     D:4: 1001 daAuts
     D:7: 968 daAuts
     D:3: 914 daAuts
     D:5: 577 daAuts
     D:2: 462 daAuts
     D:1: 437 daAuts
     D:8: 79 daAuts
  Temple: 5 daAuts
